 Dungeon Crawl Stone Soup version 0.18.1-48-g4cf74bf (webtiles) character file.

253 kosy22 the Ruffian (level 5, -4/53 HPs)
             Began as a Troll Monk on Aug 20, 2016.
             Slain by Blork the orc
             ... wielding a +0 long sword
              (12 damage)
             ... on level 4 of the Dungeon.
             The game lasted 00:07:38 (2891 turns).

kosy22 the Ruffian (Troll Monk)                     Turns: 2891, Time: 00:07:39

Health: -4/53      AC: 12    Str: 20    XL:     5   Next: 90%
Magic:  4/4        EV: 11    Int:  6    God:
Gold:   157        SH:  0    Dex: 10    Spells: 0 memorised, 4 levels left

rFire  . . .     SeeInvis .     v - +2 mace (protect)
rCold  . . .     Gourm    +     a - +0 robe
rNeg   . . .     Faith    .     (no shield)
rPois  .         Spirit   .     (helmet restricted)
rElec  .         Dismiss  .     (no cloak)
rCorr  .         Reflect  .     (gloves unavailable)
SustAt .         Harm     .     (boots unavailable)
MR     .....                    (no amulet)
Stlth  +.........               (no ring)
                                (no ring)

@: not resistant to hostile enchantments, very unstealthy
A: unfitting armour, claws 3, yellow scales 1, clumsy 1, fast metabolism 3,
gourmand, regeneration 2, shaggy fur 1, tough skin 2, subdued magic 1
a: no special abilities


You were on level 4 of the Dungeon.
You were not hungry.

You visited 1 branch of the dungeon, and saw 4 of its levels.

You collected 157 gold pieces.

Inventory:

Hand Weapons
 r - a +0 dagger of venom
 v - a +2 mace of protection (weapon)
Armour
 a - a +0 robe (worn)
 p - a cursed -2 shield
Jewellery
 q - a +4 ring of intelligence {unknown}
Wands
 c - a wand of digging (1/24)
 h - a wand of random effects (25/48)
Scrolls
 e - 3 scrolls of remove curse {unknown}
 i - a scroll of teleportation {unknown}
 j - a scroll of enchant weapon {unknown}
 m - 4 scrolls of identify
 o - 4 scrolls of blinking {unknown}
 w - a scroll of amnesia {unknown}
 x - a scroll of fear {unknown}
Potions
 d - a potion of haste {unknown}
 g - 2 potions of agility
 k - a potion of lignification {unknown}
 l - a potion of flight {unknown}
 n - 2 potions of curing {unknown}
 s - 2 potions of mutation
 t - a potion of ambrosia {unknown}
 u - a potion of beneficial mutation {unknown}
Comestibles
 b - 4 bread rations
 f - 2 meat rations


   Skills:
 + Level 3.1 Fighting
 + Level 4.3 Dodging
 + Level 1.5 Stealth
 + Level 4.9 Unarmed Combat


You had 4 spell levels left.
You didn't know any spells.

Dungeon Overview and Level Annotations

Branches:
Dungeon (4/15)
 Temple: D:4-7

Altars:
Elyvilon
Okawaru
Pakellas
Qazlal
Trog

Shops:
D:4 *

Annotations:
D:4 Blork the orc


Innate Abilities, Weirdness & Mutations

You are too large for most types of armour.
You have claws for hands.
Your metabolism is lightning-fast.
You like to eat raw meat.
You heal very quickly.
You are covered in fur (AC +1).
You have very tough skin (AC +2).
You are partially covered in yellow scales (AC +2).
You are clumsy. (Dex -2)
Your spells are a little easier to cast, but a little less powerful.


Message History

The giant frog skeleton hits you but does no damage.
You thump the giant frog skeleton!
The giant frog skeleton hits you but does no damage.
You hit the giant frog skeleton.
The giant frog skeleton hits you but does no damage. x2
You sock the giant frog skeleton!
You destroy the giant frog skeleton!
Something hits you but does no damage.
You sock something! Something hits you. x2
You hit something. Something hits you.
You sock something! Something hits you. Something hits you but does no damage.
You miss something.
Something hits you but does no damage. x2
You hit something. Something hits you! x2
* * * LOW HITPOINT WARNING * * *
Drink which item? (? for menu, Esc to quit)
It was a potion of mutation.
You feel extremely strange.
Your connection to magic feels subdued.
You feel clumsy.
Yellow scales grow over part of your body.
Something hits you!
You die...

#.#.#....#....# .#
#......###..####.# #.#
###.##.........#.# #.. #
#.#######..#.#.# #.# #
.............#.#.#.# #
##########..###.#.#Z##.#
............(# ....
########..######.#
##.....#.>..@{...#
#####......#########.#
..[.'......'.....# #.#
#####......#####.# #.#
##.....# #.# #.# #.....#
#.# #o# #.....# #.# #.#
####### ##.###.#
#########......#


There were no monsters in sight!

Vanquished Creatures
  2 orc priests (D:3)
  A giant frog skeleton (D:4)
  An orc wizard (D:3)
  Ijyb (D:3)
  5 adders
  3 worms (D:2)
  2 giant geckos
  3 orcs (D:3)
  2 ball pythons (D:3)
  3 giant cockroaches
  9 goblins
  3 hobgoblins
  3 jackals (D:3)
  11 bats
  A giant newt (D:1)
  4 kobolds
  7 rats
  4 fungi (D:1)
65 creatures vanquished.

Notes
Turn   | Place    | Note
--------------------------------------------------------------
     0 | D:1      | kosy22 the Troll Monk began the quest for the Orb.
     0 | D:1      | Reached XP level 1. HP: 22/22 MP: 0/0
   238 | D:1      | Reached XP level 2. HP: 27/29 MP: 1/1
   623 | D:2      | Reached XP level 3. HP: 28/36 MP: 2/2
   729 | D:2      | Found an oddly glowing altar of Pakellas.
   830 | D:2      | Found a faded altar to an unknown god.
   988 | D:2      | Found a stormy altar of Qazlal.
  1378 | D:3      | Reached XP level 4. HP: 37/44 MP: 3/3
  1398 | D:3      | Noticed Ijyb
  1409 | D:3      | Killed Ijyb
  1651 | D:3      | Found a white marble altar of Elyvilon.
  1714 | D:3      | Reached XP level 5. HP: 29/52 MP: 4/4
  1896 | D:3      | Found a bloodstained altar of Trog.
  1967 | D:3      | Found an iron altar of Okawaru.
  2735 | D:4      | Found Yvvaruj's Assorted Antiques.
  2855 | D:4      | Noticed Blork the orc
  2891 | D:4      | Gained mutation: Your spells are a little easier to cast, but a little less powerful. [potion of mutation]
  2891 | D:4      | Gained mutation: You are clumsy. (Dex -2) [potion of mutation]
  2891 | D:4      | Gained mutation: You are partially covered in yellow scales (AC +2). [potion of mutation]
  2891 | D:4      | Slain by Blork the orc

Skill      XL: |  1  2  3  4  5 |
---------------+----------------+-----
Dodging        | 3 4 |  4.3
Fighting       | 3 |  3.1
Stealth        | |  1.5
Unarmed Combat | |  4.9

Action                   |  1- 3 |  4- 6 || total
-------------------------+-------+-------++-------
Melee: Unarmed           |   122 |    41 ||   163
       Punch             |     1 |     2 ||     3
       Mace              |       |    33 ||    33
  Use: Scroll            |     2 |     1 ||     3
       Potion            |       |     1 ||     1
 Stab: Sleeping          |     1 |     1 ||     2
  Eat: Chunk             |     9 |    10 ||    19
       Bread ration      |       |     2 ||     2
Armor: Robe              |    67 |    74 ||   141
Dodge: Dodged            |    59 |    80 ||   139
